 Dungeon Crawl Stone Soup version 0.29.1-1-gd02db6906a (webtiles) character file.

Game seed: 16560465970796794337

113 nshep25 the Shield-Bearer (level 4, 0/40 HPs)
             Began as a Minotaur Fighter on Oct 13, 2022.
             Slain by Terence
             ... wielding a +0 trident
              (10 damage)
             ... on level 3 of the Dungeon.
             The game lasted 00:02:50 (1610 turns).

nshep25 the Shield-Bearer (Minotaur Fighter)        Turns: 1610, Time: 00:02:50

Health: 0/40       AC: 10    Str: 23    XL:     4   Next: 65%
Magic:  3/3        EV:  9    Int:  5    God:
Gold:   98         SH:  4    Dex:  9    Spells: 3/3 levels left

rFire   . . .      SeeInvis .   a - +0 war axe
rCold   . . .      Faith    .   c - +0 buckler
rNeg    . . .      Spirit   .   b - +0 scale mail
rPois   .          Reflect  .   m - +2 hat
rElec   .          Harm     .   (no cloak)
rCorr   .          Rampage  .   k - +0 pair of gloves
Will    .....                   (no boots)
Stlth   ..........              (no amulet)
HPRegen 0.13/turn               (no ring)
MPRegen 0.08/turn               (no ring)

@: no status effects
A: horns 2, retaliatory headbutt
a: no special abilities


You were on level 3 of the Dungeon.
You visited 1 branch of the dungeon, and saw 3 of its levels.

You collected 98 gold pieces.

Inventory:

Hand Weapons
 a - a +0 war axe (weapon)
Missiles
 n - 3 boomerangs (quivered)
Armour
 b - a +0 scale mail (worn)
 c - a +0 buckler (worn)
 k - a +0 pair of gloves (worn)
 m - a +2 hat (worn)
Scrolls
 h - 2 scrolls of noise {unknown}
 j - a scroll of enchant armour {unknown}
 p - a scroll of amnesia {unknown}
Potions
 d - 2 potions of might
 e - 2 potions of lignification {unknown}
 f - a potion of berserk rage {unknown}
 g - a potion of mutation {unknown}
 i - a potion of heal wounds {unknown}
 l - a potion of cancellation {unknown}
 o - a potion of haste


   Skills:
 + Level 4.2 Fighting
 + Level 3.7 Axes
 + Level 4.5 Armour
 + Level 0.7 Dodging
 + Level 4.5 Shields


You had 3 spell levels left.
You didn't know any spells.
Your spell library contained the following spells:

 Spells                   Type           Power      Damage    Failure   Level
 Inner Flame              Hex/Fire       0%         N/A       99%         3
 Ozocubu's Armour         Ice            0%         N/A       99%         3
 Cause Fear               Hex            0%         N/A       100%        4
 Dragon Form              Tmut           0%         N/A       100%        7
 Ozocubu's Refrigeration  Ice            0%         4d7       100%        7
 Discord                  Hex            0%         N/A       100%        8
 Dragon's Call            Summ           0%         N/A       100%        9


Dungeon Overview and Level Annotations

Branches:
Dungeon (3/15)

Altars:
Fedhas

Annotations:
D:3 Terence


Innate Abilities, Weirdness & Mutations

You have a pair of horns on your head.
You reflexively headbutt those who attack you in melee.


Message History

a +0 dagger; a +0 leather armour; an orc corpse You see here a +1 hand axe of draining.
HP restored.
Terence the Incautious comes into view.
He is wielding a +0 trident.
Terence shouts!
Terence hits you from afar with a +0 trident.
Terence hits you but does no damage.
You closely miss Terence. Terence hits you with a +0 trident.
You hit Terence.
Terence is lightly wounded.
Terence barely misses you.
You hit Terence but do no damage.
Terence is lightly wounded.
Terence hits you with a +0 trident. Terence hits you but does no damage.
You hit Terence.
Terence is lightly wounded.
You block Terence's attack.
You slash Terence! You headbutt Terence, but do no damage.
Terence is severely wounded.
Terence hits you with a +0 trident. Terence closely misses you.
You barely miss Terence. Your headbutt misses Terence.
Terence is severely wounded.
Terence hits you with a +0 trident!
You hit Terence.
Terence is severely wounded.
Terence hits you with a +0 trident!
You hit Terence.
Terence is almost dead.
Terence hits you but does no damage. x2
You closely miss Terence. Your headbutt misses Terence.
Terence is almost dead.
Terence hits you with a +0 trident.
* * * LOW HITPOINT WARNING * * *
You completely miss Terence.
Terence is almost dead.
You block Terence's attack.
You closely miss Terence.
Terence is almost dead.
Terence barely misses you. Terence hits you with a +0 trident!
You die...

.#............#
.#.###...#.##.##
.#.............# .
####.....##.## .
#.##.....##.#
###.####...##.#
....#......##.#
.......).#.##.#######
..#.##)#.#......@@..#
#.#.##)#.####.#####.#
................
.....#.#.#######
..#...†.......
...#......####
.......#..#
.......#..#
####.#....#


You could see Terence.

Vanquished Creatures
  An orc priest (D:3)
  2 adders (D:3)
  2 worms (D:2)
  2 dart slugs
  2 orcs (D:3)
  3 bats
  4 endoplasms
  2 giant cockroaches
  6 goblins
  7 hobgoblins
  2 jackals (D:1)
  3 kobolds
  3 quokkas (D:3)
  4 ball pythons
  4 frilled lizards
  2 rats
49 creatures vanquished.

Notes
Turn   | Place    | Note
-------+----------+-------------------------------------------
     0 | D:1      | nshep25 the Minotaur Fighter began the quest for the Orb.
     0 | D:1      | Reached XP level 1. HP: 19/19 MP: 0/0
   147 | D:1      | Reached XP level 2. HP: 25/27 MP: 1/1
   778 | D:2      | Reached XP level 3. HP: 30/33 MP: 2/2
  1420 | D:3      | Reached XP level 4. HP: 40/40 MP: 3/3
  1452 | D:3      | Found a blossoming altar of Fedhas.
  1596 | D:3      | Noticed Terence
  1610 | D:3      | Slain by Terence

Illustrated notes

Levels and vault maps discovered:
D:1:      dpeg_arrival_shelter, layout_basic, serial_aquarium,
          aquarium_bridge_square [aquarium_subvault_bridge,
          aquarium_subvault_bridge, aquarium_subvault_bridge,
          aquarium_subvault_wall], aquarium_window_1, aquarium_window_fake,
          aquarium_window_2, aquarium_view_2c
D:2:      layout_basic
D:3:      layout_basic, mainiacjoe_overflow_two_lobes, fedhas_altar_1,
          uniq_ijyb, uniq_terence

Skill      XL: |  1  2  3 |
---------------+----------+-----
Armour         | 4 |  4.5
Shields        | 4 |  4.5
Fighting       | 4 |  4.2
Axes           | 3 |  3.7
Dodging        | |  0.7

Action                   |  1- 3 |  4- 6 || total
-------------------------+-------+-------++-------
Melee: War axe           |    96 |    22 ||   118
       Headbutt          |    11 |     1 ||    12
Armor: Scale mail        |    48 |     7 ||    55
Dodge: Dodged            |    45 |    11 ||    56
Block: Buckler           |    23 |     7 ||    30
